 Dungeon Crawl Stone Soup version 0.31-a0-632-g766dd24fdf (webtiles) character file.

Game seed: 14216284069841975247

53 thirtiethelement the Shooter (level 3, -1/28 HPs)
             Began as a Demonspawn Hunter on Aug 26, 2023.
             Slain by Robin
             ... wielding a +0 mace
              (3 damage)
             ... on level 2 of the Dungeon.
             The game lasted 00:02:35 (692 turns).

thirtiethelement the Shooter (Demonspawn Hunter)     Turns: 692, Time: 00:02:35

Health: -1/28      AC:  7    Str: 11    XL:     3   Next: 64%
Magic:  3/3        EV: 12    Int: 10    God:
Gold:   56         SH:  0    Dex: 18    Spells: 2/2 levels left

rFire   . . .        a - +0 shortbow
rCold   . . .        (shield currently unavailable)
rNeg    . . .        c - +0 leather armour
rPois   .            (no helmet)
rElec   .            (no cloak)
rCorr   .            d - +0 pair of gloves
SInv    .            e - +0 pair of boots
Will    .....        (no amulet)
Stlth   ++           (no ring)
HPRegen 0.24/turn    (no ring)
MPRegen 0.08/turn

%: no passive effects
@: no status effects
A: icy blue scales 1, foul stench 1
a: no special abilities


You were on level 2 of the Dungeon.
You visited 1 branch of the dungeon, and saw 2 of its levels.

You collected 56 gold pieces.

Inventory:

Hand Weapons
 a - a +0 shortbow (weapon)
Armour
 c - a +0 leather armour (worn)
 d - a +0 pair of gloves (worn)
 e - a +0 pair of boots (worn)
Scrolls
 b - a scroll of butterflies
 g - a scroll of identify {unknown}
Potions
 f - a potion of haste {unknown}


   Skills:
 + Level 2.6 Fighting
 + Level 4.4 Ranged Weapons
 + Level 0.1 Armour
 + Level 1.9 Dodging
 + Level 1.0 Stealth


You had 2 spell levels left.
You didn't know any spells.
Your spell library was empty.

Dungeon Overview and Level Annotations

Branches:
Dungeon (2/15)

Altars:

Annotations:
D:2 Robin


Innate Abilities, Weirdness & Mutations

You are partially covered in icy blue scales. (AC +2)
You may rarely emit foul miasma when damaged in melee.


Message History

Aim: Robin, wielding a +0 mace, wearing a +0 animal skin and wearing a +0 helmet (moderately wounded, 71% to hit)
You shoot an arrow. The arrow hits Robin.
Robin is heavily wounded.
You shoot an arrow. The arrow barely misses Robin.
Robin misses you.
You shoot an arrow. The arrow closely misses Robin.
Robin closely misses you.
You shoot an arrow. The arrow hits Robin.
Robin is severely wounded.
Robin completely misses you.
You shoot an arrow.
The arrow hits Robin but does no damage.
Robin is severely wounded.
Robin hits you but does no damage. x2
You shoot an arrow. The arrow barely misses Robin.
Robin hits you with a +0 mace.
You shoot an arrow.
The arrow hits Robin but does no damage.
Robin is severely wounded.
Robin closely misses you.
You shoot an arrow. The arrow hits Robin.
Robin is almost dead.
Robin closely misses you.
You shoot an arrow.
The arrow hits Robin but does no damage.
Robin is almost dead.
Robin hits you with a +0 mace.
You shoot an arrow. The arrow closely misses Robin.
Robin hits you with a +0 mace. x2
* * * LOW HITPOINT WARNING * * *
You shoot an arrow.
The arrow hits Robin but does no damage.
Robin is almost dead.
Robin closely misses you.
You shoot an arrow. The arrow closely misses Robin.
Robin hits you with a +0 mace.
* * * LOW HITPOINT WARNING * * *
You shoot an arrow. The arrow hits Robin.
Robin is almost dead.
Robin barely misses you. Robin hits you with a +0 mace.
You die...
Robin calls out, "Let's celebrate!
Time for a feast!"

#.###.#########
...............
#.#####.#######
#.# #..## #.#
##..####### #.#
##.......#
..###
#######.##
....# #))#
....# ##@#
....# #g# ....#
#.# ....# #.#
....# #[. ....#
?.. ....# )..
....


You could see Robin.

Vanquished Creatures
  An adder (D:2)
  A dart slug (D:1)
  2 ball pythons (D:1)
  5 bats (D:1)
  2 endoplasms (D:1)
  A giant cockroach (D:1)
  11 goblins
  4 hobgoblins (D:2)
  3 kobolds (D:1)
  3 quokkas (D:1)
  5 rats (D:1)
38 creatures vanquished.

Notes
Turn   | Place    | Note
-------+----------+-------------------------------------------
     0 | D:1      | thirtiethelement the Demonspawn Hunter began the quest for
                  | the Orb.
     0 | D:1      | Reached XP level 1. HP: 16/16 MP: 1/1
   104 | D:1      | Reached skill level 4 in Ranged Weapons
   105 | D:1      | Gained mutation: You are partially covered in icy blue
                  | scales. (AC +2) [demonic ancestry]
   105 | D:1      | Reached XP level 2. HP: 8/22 MP: 2/2
   423 | D:1      | Reached skill level 1 in Stealth
   558 | D:1      | Gained mutation: You may rarely emit foul miasma when
                  | damaged in melee. [demonic ancestry]
   558 | D:1      | Reached XP level 3. HP: 27/27 MP: 3/3
   659 | D:2      | Noticed Robin
   692 | D:2      | Slain by Robin

Illustrated notes

Levels and vault maps discovered:
D:1:      minmay_arrival_four_houses, layout_basic, minivault_4, feat_on_display
D:2:      layout_basic, basic_ecumenical_altar, uniq_terence, uniq_robin,
          uniq_natasha

Skill      XL: |  1  2 |
---------------+-------+-----
Ranged Weapons | 4 |  4.4
Stealth        | 1 |  1.0
Fighting       | |  2.6
Armour         | |  0.1
Dodging        | |  1.9

Action                     || total
---------------------------++-------
   Fire: Shortbow          ||   111
 Armour: Leather armour    ||    22
  Dodge: Dodged            ||    32

Table legend: (Time is in decaauts)
 A = Elapsed time spent in this place.
 B = Non-inter-level travel time spent in this place.
 C = Inter-level travel time spent in this place.
 D = Time resting spent in this place.
 E = Time spent auto-exploring this place.
 F = Levels seen in this place.
 G = Mean time per level.
                   A        B        C        D        E       F      G
               +--------+--------+--------+--------+--------+-----+--------+
         Total |    719 |    707 |     12 |      0 |    510 |   2 |  359.5 |
       Dungeon |    719 |    707 |     12 |      0 |    510 |   2 |  359.5 |
               +--------+--------+--------+--------+--------+-----+--------+

Top non-repeatable levels by time:
     D:1: 628 daAuts
     D:2: 90 daAuts
